 Dungeon Crawl Stone Soup version 0.30-a0-305-g026cb31310 (webtiles) character file.

Game seed: 7402717804150543222

18 Hubris850 the Shooter (level 2, 0/16 HPs)
             Began as a Kobold Hexslinger on Oct 21, 2022.
             Slain by an adder (2 damage)
             ... on level 2 of the Dungeon.
             The game lasted 00:03:42 (901 turns).

Hubris850 the Shooter (Kobold Hexslinger)            Turns: 901, Time: 00:03:42

Health: 0/16       AC:  2    Str:  7    XL:     2   Next: 85%
Magic:  3/3        EV: 15    Int: 14    God:
Gold:   82         SH:  0    Dex: 15    Spells: 2/3 levels left

rFire   . . .      SeeInvis .    a - +1 sling
rCold   . . .      Faith    .    (no shield)
rNeg    . . .      Spirit   .    c - +0 robe
rPois   .          Reflect  .    (no helmet)
rElec   .          Harm     .    (no cloak)
rCorr   .          Rampage  .    (no gloves)
Will    .....                    (no boots)
Stlth   ++........               (no amulet)
HPRegen 0.22/turn                (no ring)
MPRegen 0.08/turn                (no ring)

@: lethally poisoned (0 -> -6)
A: small, no large weapons, nightstalker 3
a: no special abilities


You were on level 2 of the Dungeon.
You visited 1 branch of the dungeon, and saw 2 of its levels.

You collected 82 gold pieces.

Inventory:

Hand Weapons
 a - a +1 sling (weapon)
 b - a +1 dagger of draining
 j - a +0 dagger
Armour
 c - a +0 robe (worn)
Magical Staves
 f - a staff of air
Scrolls
 d - 3 scrolls of identify {unknown}
 e - 2 scrolls of poison
 h - a scroll of teleportation {unknown}
 i - a scroll of magic mapping {unknown}
 k - a scroll of brand weapon {unknown}
 l - a scroll of blinking {unknown}
Potions
 g - a potion of curing {unknown}


   Skills:
 - Level 1.3 Fighting
 + Level 3.2 Ranged Weapons
 + Level 2.9 Dodging
 + Level 0.1 Stealth
 - Level 1.3 Spellcasting
 - Level 3.1 Hexes


You had 2 spell levels left.
You knew the following spells:

 Your Spells              Type           Power      Damage    Failure   Level
a - Slow                  Hex            36%        N/A       7%          1

Your spell library contained the following spells:

 Spells                   Type           Power      Damage    Failure   Level
 Inner Flame              Hex/Fire       5%         N/A       38%         3
 Portal Projectile        Hex/Tloc       10%        N/A       38%         3
 Cause Fear               Hex            4%         N/A       56%         4


Dungeon Overview and Level Annotations

Branches:
Dungeon (2/15)

Altars:


Innate Abilities, Weirdness & Mutations

You are small and have problems with some larger weapons.
You are completely attuned to the shadows.


Message History

The adder is almost dead.
The bat barely misses you. The adder bites you but does no damage.
The adder misses you.
You shoot a sling bullet.
The sling bullet hits the adder but does no damage.
The adder is almost dead.
The bat barely misses you. The adder bites you.
The adder bites you but does no damage. The bat hits you.
You shoot a sling bullet. The sling bullet hits the adder.
The adder is almost dead.
The bat hits you but does no damage. The adder closely misses you.
You shoot a sling bullet.
The sling bullet closely misses the adder.
The bat hits you but does no damage. The adder bites you. The adder misses you.
You shoot a sling bullet. The sling bullet misses the adder.
The bat barely misses you. The adder bites you.
You are too injured to fight recklessly!
You are too injured to fight recklessly!
You are too injured to fight recklessly!
You are too injured to fight recklessly!
Fire: a) +1 sling
Press: ? - help, Q - select action, (/) - cycle Shift-Dir - straight line, f/p - adder
Aim: an adder (almost dead, 38% to hit)
You shoot a sling bullet. The sling bullet misses the adder.
The bat misses you. x2; The adder bites you.
You are poisoned.
The adder poisons you! The adder bites you.
* * * LOW HITPOINT WARNING * * *
You are lethally poisoned!
The adder poisons you!
Fire: a) +1 sling
Press: ? - help, Q - select action, (/) - cycle Shift-Dir - straight line, f/p - adder
Aim: an adder (almost dead, 38% to hit)
You shoot a sling bullet.
The sling bullet hits the adder but does no damage.
The adder is almost dead.
* * * LOW HITPOINT WARNING * * *
You feel very sick. The bat hits you but does no damage. The adder bites you.
You die...

##########
#.........
#.........
##.........
#.....@S...
#......b...
#..........
#.#########
#.# #.# #.#
#.# #.#


You could see an adder and a bat.

Vanquished Creatures
  2 endoplasms
  A giant cockroach (D:1)
  4 goblins (D:1)
  3 hobgoblins (D:1)
  A quokka (D:1)
  2 ball pythons (D:1)
  A frilled lizard (D:2)
  A kobold (D:1)
15 creatures vanquished.

Notes
Turn   | Place    | Note
-------+----------+-------------------------------------------
     0 | D:1      | Hubris850 the Kobold Hexslinger began the quest for the
                  | Orb.
     0 | D:1      | Reached XP level 1. HP: 12/12 MP: 2/2
    70 | D:1      | Reached XP level 2. HP: 14/16 MP: 3/3
   901 | D:2      | Slain by an adder

Illustrated notes

Levels and vault maps discovered:
D:1:      heliophobic_arrival_enchanted_forest, layout_basic
D:2:      layout_basic, basic_altar, chequers_serial_rivers_micro_c

Skill      XL: |  1  2 |
---------------+-------+-----
Ranged Weapons | 3 |  3.2
Fighting       | |  1.3
Dodging        | |  2.9
Stealth        | |  0.1
Spellcasting   | |  1.3
Hexes          | |  3.1

Action                   || total
-------------------------++-------
 Fire: Sling             ||    59
 Cast: Slow              ||     1
Armor: Robe              ||     8
Dodge: Dodged            ||    31

Table legend: (Time is in decaauts)
 A = Elapsed time spent in this place.
 B = Non-inter-level travel time spent in this place.
 C = Inter-level travel time spent in this place.
 D = Time resting spent in this place.
 E = Time spent auto-exploring this place.
 F = Levels seen in this place.
 G = Mean time per level.
                   A        B        C        D        E       F      G
               +--------+--------+--------+--------+--------+-----+--------+
         Total |    914 |    875 |     39 |     13 |    726 |   2 |  457.0 |
       Dungeon |    914 |    875 |     39 |     13 |    726 |   2 |  457.0 |
               +--------+--------+--------+--------+--------+-----+--------+

Top non-repeatable levels by time:
     D:1: 803 daAuts
     D:2: 111 daAuts
